 Dungeon Crawl Stone Soup version 0.29-a0-397-g846e4a0bbc (webtiles) character file.

Game seed: 10586525103232646589

35 Bruhh the Ogre Mage (level 3, -4/31 HPs)
             Began as an Ogre Earth Elementalist on May 12, 2022.
             Slain by a gnoll
             ... wielding a +0 whip
              (6 damage)
             ... on level 1 of the Dungeon.
             The game lasted 00:02:23 (1367 turns).

Bruhh the Ogre Mage (Ogre Earth Elementalist)       Turns: 1367, Time: 00:02:23

Health: -4/31      AC:  3    Str: 12    XL:     3   Next: 35%
Magic:  7/7        EV: 10    Int: 18    God:
Gold:   59         SH:  0    Dex: 15    Spells: 4/8 levels left

rFire   . . .      SeeInvis .   k - +2 short sword (freeze)
rCold   . . .      Faith    .   (no shield)
rNeg    . . .      Spirit   .   b - +0 robe
rPois   .          Reflect  .   (helmet restricted)
rElec   .          Harm     .   e - scarf {+Inv}
rCorr   .          Rampage  .   (gloves unavailable)
Will    +....                   (boots unavailable)
Stlth   ++........              (no amulet)
HPRegen 0.10/turn               g - +6 ring of dexterity
MPRegen 0.10/turn               h - ring of willpower

@: flying
A: large, unfitting armour, tough skin 1
a: Evoke Invisibility


You were on level 1 of the Dungeon.
You visited 1 branch of the dungeon, and saw 2 of its levels.

You collected 59 gold pieces.

Inventory:

Hand Weapons
 k - a +2 short sword of freezing (weapon)
Armour
 b - a +0 robe (worn)
 e - a scarf of invisibility (worn)
Jewellery
 a - a ring of willpower
 d - a ring of resist corrosion
 g - a +6 ring of dexterity (left hand)
 h - a ring of willpower (right hand)
Scrolls
 i - a scroll of enchant armour {unknown}
 j - a scroll of teleportation {unknown}
 m - a scroll of brand weapon {unknown}
Potions
 c - a potion of magic
 f - a potion of degeneration {unknown}
 l - a potion of lignification {unknown}
 o - a potion of brilliance {unknown}


   Skills:
 - Level 1.7 Dodging
 - Level 1.4 Stealth
 + Level 3.4 Spellcasting
 + Level 0.0 Conjurations
 - Level 0.8 Transmutations
 + Level 3.3 Earth Magic


You had 4 spell levels left.
You knew the following spells:

 Your Spells              Type           Power      Damage    Failure   Level
a - Sandblast             Erth           30%        2d9       4%          1
b - Stone Arrow           Conj/Erth      18%        3d8       24%         3

Your spell library contained the following spells:

 Spells                   Type           Power      Damage    Failure   Level
 Passwall                 Tmut/Erth      8%         N/A       10%         2
 Ignite Poison            Fire/Tmut/Pois 4%         N/A       38%         3
 Conjure Flame            Conj/Fire      3%         6-21      43%         3
 Petrify                  Tmut/Erth      10%        N/A       54%         4
 Sticky Flame             Conj/Fire      3%         2d3       83%         4


Dungeon Overview and Level Annotations

Branches:
Dungeon (2/15)

Altars:


Innate Abilities, Weirdness & Mutations

You are too large for most types of armour.
You have tough skin. (AC +1)


Message History

Found a leather armour.
o - an orange potion A gnoll comes into view.
It is wielding a +0 club.
You can't see any susceptible monsters within range! (Use Z to cast anyway.)
You don't have any stones to cast with.
The gnoll shouts!
You hear a shout!
A gnoll comes into view. It is wielding a +0 spear.
The gnoll shouts!
A gnoll comes into view. It is wielding a +0 whip.
There is a stone staircase leading up here.
The gnoll shouts!
The gnoll completely misses you.
You climb upwards.
There is a stone staircase leading down here.
This spell is quite dangerous to cast!
Memorise Stone Arrow, consuming 3 spell levels and leaving 4?
You start memorising the spell.
You continue memorising. x3
You finish memorising.
Spell assigned to 'b'.
There is a stone staircase leading down here.
You climb downwards.
There is a stone staircase leading up here.
The gnoll hits you with a +0 whip.
You barely miss the gnoll.
The gnoll shouts!
The gnoll hits you with a +0 whip.
You closely miss the gnoll. The gnoll hits you with a +0 whip.
The gnoll hits you with a +0 club. The gnoll completely misses you.
There is a stone staircase leading up here.
The gnoll barely misses you. The gnoll hits you with a +0 club.
You climb upwards.
There is a stone staircase leading down here.
It was a potion of flight.
You feel very buoyant.
You fly up into the air.
The gnoll hits you with a +0 club!
* * * LOW HITPOINT WARNING * * *
The gnoll closely misses you. The gnoll attacks as you move away!
The gnoll hits you but does no damage. The gnoll hits you with a +0 whip.
You die...

........##....##.....#
#.#.....
........##....##.....#
#.#.####
........##.....#.....#####.#.#
........######.#.........#.#.#
........# #...........#.#.#
########### ##......>.....#.#
†.........#
#..#.......########
#########.#
##g...........#....
....#.....# #@g...######.#....
###.#.####### #.....# #.#....
....#.....'.# #.....# #.#....
###########.####.....# #.#....
#..........# #.#####
###.###.....# #......
##..........#######......
#.#...##...#.............
#..#..##.)#...###########


You could see 2 gnolls.

Vanquished Creatures
  A dart slug (D:1)
  A bat (D:1)
  An endoplasm (D:2)
  2 giant cockroaches (D:1)
  7 goblins
  2 hobgoblins (D:1)
  2 jackals (D:1)
  2 quokkas (D:1)
  2 ball pythons
  2 frilled lizards (D:1)
  4 kobolds
  3 rats (D:1)
29 creatures vanquished.

Notes
Turn   | Place    | Note
-------+----------+-------------------------------------------
     0 | D:1      | Bruhh the Ogre Earth Elementalist began the quest for the
                  | Orb.
     0 | D:1      | Reached XP level 1. HP: 16/16 MP: 3/3
   240 | D:1      | Reached XP level 2. HP: 19/24 MP: 0/5
   775 | D:1      | Reached XP level 3. HP: 30/31 MP: 1/7
  1338 | D:1      | Learned a level 3 spell: Stone Arrow
  1367 | D:1      | Slain by a gnoll

Illustrated notes

Levels and vault maps discovered:
D:1:      saegor_arrival_simple_b, layout_basic, chequers_serial_rivers_small_a,
          kennysheep_minor_cross, minivault_26, st_stairs_1,
          corexii_leaking_fountain, roderic_serpentine_path
D:2:      layout_loops_ring

Skill      XL: |  1  2 |
---------------+-------+-----
Earth Magic    | 3 |  3.3
Spellcasting   | 3 |  3.4
Dodging        | |  1.7
Stealth        | |  1.4
Transmutations | |  0.8

Action                   || total
-------------------------++-------
Melee: Unarmed           ||    37
       Short sword       ||     6
       Punch             ||     1
 Cast: Sandblast         ||    32
  Use: Potion            ||     1
Armor: Robe              ||    24
Dodge: Dodged            ||    26

Table legend: (Time is in decaauts)
 A = Elapsed time spent in this place.
 B = Non-inter-level travel time spent in this place.
 C = Inter-level travel time spent in this place.
 D = Time resting spent in this place.
 E = Time spent auto-exploring this place.
 F = Levels seen in this place.
 G = Mean time per level.
                   A        B        C        D        E       F      G
               +--------+--------+--------+--------+--------+-----+--------+
         Total |   1367 |   1306 |     61 |      0 |   1065 |   2 |  683.5 |
       Dungeon |   1367 |   1306 |     61 |      0 |   1065 |   2 |  683.5 |
               +--------+--------+--------+--------+--------+-----+--------+

Top non-repeatable levels by time:
     D:1: 1170 daAuts
     D:2: 197 daAuts
